 Dungeon Crawl Stone Soup version 0.30-a0-365-ge7f957f1db (webtiles) character file.

Game seed: 8212611159582498540

268564 Bnni the Phalangite (level 21, -13/171 (180) HPs)
             Began as a Formicid Fighter on Nov 17, 2022.
             Was a High Priest of Yredelemnul.
             Killed from afar by a deep elf death mage (23 damage)
             ... with a bolt of negative energy
             ... on level 3 of the Elven Halls.
             The game lasted 01:53:20 (35712 turns).

Bnni the Phalangite (Formicid Fighter)             Turns: 35712, Time: 01:53:22

HP:   -13/171 (180) AC: 38    Str: 33    XL:     21   Next: 0%
MP:   33/33         EV:  5    Int: 11    God:    Yredelemnul [*****.]
Gold: 2463          SH: 25    Dex: 12    Spells: 20/20 levels left

rFire   . . .      SeeInvis +    f - +9 bardiche (spect)
rCold   + + +      Faith    .    U - +2 tower shield
rNeg    + . .      Spirit   .    j - +8 crystal plate armour
rPois   +          Reflect  +    (helmet unavailable)
rElec   +          Harm     .    M - +2 cloak {rC+}
rCorr   +          Rampage  .    g - +2 pair of gloves
Will    ++++.                    s - +1 pair of boots
Stlth   ..........               R - amulet of reflection
HPRegen 0.48/turn                L - ring "Colimit" {Contam rC+++ rN+ rCorr Dex-3}
MPRegen 0.23/turn                P - ring "Nan Ziuwk" {rElec rPois Will++ Str+6}

@: silenced, studying Axes, drained
A: permanent stasis, dig shafts and tunnels, antennae 3, four strong arms
}: 2/15 runes: serpentine, barnacled
a: Dig, Shaft Self, Renounce Religion


You were on level 3 of the Elven Halls.
You worshipped Yredelemnul.
Yredelemnul was most pleased with you.
You visited 7 branches of the dungeon, and saw 34 of its levels.
You also visited: Sewer and Bailey.

You collected 3725 gold pieces.
You spent 1262 gold pieces at shops.

Inventory:

Hand Weapons
 f - a +9 spectral bardiche (weapon)
 m - a +0 bardiche of flaming
 t - the +8 arbalest of Oczegaf {flame, SInv}
   (You found it on level 1 of the Elven Halls)

   Any ammunition fired from it burns those it strikes, dealing additional fire
   damage.
   SInv:      It lets you see invisible.
 S - a +1 battleaxe
Missiles
 r - 9 silver javelins
 V - a curare-tipped dart (quivered)
 W - 5 silver boomerangs
Armour
 g - a +2 pair of gloves (worn)
 j - a +8 crystal plate armour (worn)
 s - a +1 pair of boots (worn)
 M - a +2 cloak of cold resistance (worn)
 U - a +2 tower shield (worn)
Jewellery
 p - an amulet of regeneration
 F - a ring of flight
 L - the ring "Colimit" (left hand) {Contam rC+++ rN+ rCorr Dex-3}
   (You acquired it on level 2 of the Elven Halls)

   [ring of positive energy]

   Dex:       It affects your dexterity (-3).
   rC:        It renders you almost immune to cold.
   rN:        It protects you from negative energy.
   Contam:    It causes magical contamination when unequipped.
   rCorr:     It protects you from acid and corrosion.
 N - the ring "Nim Juph" {rN+ MP+9 Int+4 Dex-3}
   (You took it off a skeletal warrior on level 14 of the Dungeon)

   [ring of magical power]

   Int:       It affects your intelligence (+4).
   Dex:       It affects your dexterity (-3).
   rN:        It protects you from negative energy.
   MP:        It affects your magic capacity (+9).
 P - the ring "Nan Ziuwk" (right hand) {rElec rPois Will++ Str+6}
   (You found it on level 13 of the Dungeon)

   [ring of strength]

   Str:       It affects your strength (+6).
   rElec:     It insulates you from electricity.
   rPois:     It protects you from poison.
   Will:      It greatly increases your willpower.
 R - an amulet of reflection (around neck)
Wands
 e - a wand of light (34)
 q - a wand of mindburst (39)
 D - a wand of digging (4)
 E - a wand of roots (9)
Scrolls
 c - 4 scrolls of immolation
 h - 9 scrolls of vulnerability
 i - 8 scrolls of butterflies
 k - 9 scrolls of poison
 v - a scroll of brand weapon
 w - 8 scrolls of magic mapping
 y - 7 scrolls of amnesia
 A - 3 scrolls of fear
 J - 4 scrolls of summoning
Potions
 a - 2 potions of ambrosia
 b - a potion of magic
 d - 5 potions of heal wounds
 l - 24 potions of curing
 n - 7 potions of lignification
 o - 2 potions of resistance
 z - 6 potions of flight
 B - 3 potions of cancellation
 G - 2 potions of attraction
 H - 3 potions of mutation
 O - 3 potions of invisibility
 Q - 4 potions of might
Miscellaneous
 u - a box of beasts
 x - a phantom mirror


   Skills:
 + Level 19.1 Fighting
 * Level 23.9 Polearms
 + Level 10.8 Armour
 - Level 15.0 Shields
 + Level 17.2 Invocations


You had 20 spell levels left.
You didn't know any spells.
Your spell library contained the following spells:

 Spells                   Type           Power      Damage    Failure   Level
 Apportation              Tloc           0%         N/A       100%        1
 Magic Dart               Conj           0%         1d3       100%        1
 Necrotise                Necr           0%         1d4       100%        1
 Sting                    Tmut/Pois      0%         1d3       100%        1
 Summon Small Mammal      Summ           0%         N/A       100%        1
 Cigotuvi's Dreadful Rot  Necr/Pois/Air  0%         N/A       100%        2
 Poisonous Vapours        Pois/Air       0%         N/A       100%        2
 Searing Ray              Conj           0%         2d4       100%        2
 Dazzling Flash           Conj/Hex       0%         N/A       100%        3
 Frozen Ramparts          Ice            0%         1d1       100%        3
 Gell's Gravitas          Tloc           0%         N/A       100%        3
 Inner Flame              Hex/Fire       0%         N/A       100%        3
 Mephitic Cloud           Conj/Pois/Air  0%         N/A       100%        3
 Stone Arrow              Conj/Erth      0%         3d7       100%        3
 Teleport Other           Tloc           0%         N/A       100%        3
 Airstrike                Air            0%         2d(0-16)  100%        4
 Animate Armour           Summ/Erth      0%         N/A       100%        4
 Flame Wave               Conj/Fire      0%         2d4       100%        4
 Fulminant Prism          Conj/Hex       0%         3d5       100%        4
 Ice Form                 Ice/Tmut       0%         N/A       100%        4
 Manifold Assault         Tloc           0%         N/A       100%        4
 Olgreb's Toxic Radiance  Pois           0%         N/A       100%        4
 Passage of Golubria      Tloc           0%         N/A       100%        4
 Sticky Flame             Conj/Fire      0%         2d3       100%        4
 Summon Ice Beast         Ice/Summ       0%         N/A       100%        4
 Agony                    Necr           0%         N/A       100%        5
 Alistair's Intoxication  Tmut/Pois      0%         N/A       100%        5
 Fireball                 Conj/Fire      0%         3d3       100%        5
 Iskenderun's Battlesphe  Conj           0%         2d6       100%        5
 Silence                  Hex/Air        0%         N/A       100%        5
 Yara's Violent Unravell  Hex/Tmut       0%         3d3       100%        5
 Conjure Ball Lightning   Conj/Air       0%         3x3d6     100%        6
 Dispersal                Tloc           0%         N/A       100%        6
 Enfeeble                 Hex            0%         N/A       100%        7
 Haunt                    Necr/Summ      0%         N/A       100%        7
 Orb of Destruction       Conj           0%         9d5       100%        7
 Storm Form               Tmut/Air       0%         N/A       100%        7
 Discord                  Hex            0%         N/A       100%        8
 Disjunction              Tloc           0%         N/A       100%        8
 Lehudib's Crystal Spear  Conj/Erth      0%         10d2      100%        8
 Blink                    Tloc           Unusable   N/A       N/A         2
 Animate Dead             Necr           Unusable   N/A       N/A         4

Dungeon Overview and Level Annotations

Branches:
Dungeon (15/15)            Temple (1/1) D:4            Lair (5/5) D:9
 Shoals (4/4) Lair:2        Snake (4/4) Lair:2        Slime (0/5) Lair:5
    Orc (2/2) D:11            Elf (3/3) Orc:2        Vaults (0/5) D:14
 Depths (0/4) D:15          Sewer (visited)          Bailey (visited)

Altars:
Ashenzari
Cheibriados
Dithmenos
Elyvilon
Fedhas
Gozag
Hepliaklqana
Kikubaaqudgha
Makhleb
Nemelex Xobeh
Okawaru
Qazlal
Ru
Sif Muna
Trog
Uskayaw
Vehumet
Wu Jian
Xom
Yredelemnul
Zin
The Shining One
Jiyva

Shops:
D:2 (   D:4 (   Orc:1 :   Orc:2 !!*:   Elf:1 *==?!   Elf:2 *   Snake:1 *=:=:[=
Snake:4 =![:

Portals:
Trove: Elf:1 (give 12 potions of heal wounds)

Annotations:
D:9 2 transporters


Innate Abilities, Weirdness & Mutations

You cannot be hasted, slowed, berserked, paralysed or teleported.
You can dig through walls and to a lower floor.
You have a pair of large antennae on your head. (SInv)
Your four strong arms can wield two-handed weapons with a shield.


Message History

The deep elf demonologist casts a spell.
A deep elf demonologist comes into view.
It is wielding a +2 long sword of distortion.
The deep elf annihilator hits Mara with a +0 long sword!!
The red devil hits you but does no damage.
The deep elf death mage hits your deep elf annihilator zombie with a +0 long sword!
The deep elf demonologist casts a spell.
The deep elf high priest invokes the aid of its god against you.
Something smites you!
* * * LOW HITPOINT WARNING * * *
Something hits Mara but does no damage.
The deep elf demonologist mumbles some strange words.
You block the deep elf blademaster's attack.
The deep elf blademaster hits you with a +0 rapier!
* * * LOW HITPOINT WARNING * * *
The deep elf elementalist hits your deep elf annihilator zombie with a +0 rapier.
Your deep elf zephyrmancer zombie hits the deep elf blademaster.
Magic scrolls do not work when you're silenced!
Okay, then.
Okay, then.
Unknown command.
Okay, then.
You feel much better.
You block the deep elf blademaster's attack.
The deep elf blademaster hits you with a +0 rapier!!
* * * LOW HITPOINT WARNING * * *
Something closely misses Mara.
Something tramples Mara.
Mara holds its ground!
Mara barely misses the deep elf annihilator.
The deep elf elementalist hits your deep elf annihilator zombie with a +0 rapier!
Your deep elf annihilator zombie is destroyed!
You block the deep elf blademaster's attack.
The deep elf blademaster hits you but does no damage.
The deep elf annihilator hits Mara with a +0 long sword!
Something misses Mara.
The deep elf demonologist mumbles some strange words. x2
The deep elf death mage points at you and mumbles some strange words.
The bolt of negative energy hits the red devil.
The red devil completely resists.
The bolt of negative energy hits you!! You partially resist.
You feel drained.
You die...
Your body rises from the dead as a mindless zombie.

#.# #.# #.# ### ####'##
##.# #...... #.##
###...... . {{ ##.#
#........
..e2########Z####........
.44ee.4)@z#{#)..)........
.eeeee###eZZZ.)..........
.eZe{{{...##.).).........
.1{{###########).........
..4 ###........ #.
###...... # #......
#######


You could see a deep elf blademaster (berserk, drained, ally target), a
Brimstone Fiend (summoned), a balrug (summoned), a deep elf annihilator
(empowered, ally target), a deep elf death mage (empowered, ally target), a deep
elf elementalist (fast, empowered, repels missiles), 5 deep elf demonologists, 2
deep elf high priests, a hellwing (summoned), 2 red devils, a friendly revenant
(summoned), 2 friendly bound rakshasas, a friendly deep elf sorcerer zombie and
a friendly deep elf zephyrmancer zombie.

Vanquished Creatures
  Vashnia (Snake:4)
  A deep elf blademaster (Elf:3)
  2 deep elf master archers (Elf:3)
  Polyphemus (Shoals:4)
  A sphinx (D:14)
  A tengu reaver (D:14)
  A nagaraja (Snake:4)
  Aizul (Snake:2)
  3 deep elf sorcerers (Elf:3)
  Louise (D:14)
  A deep elf elementalist (Elf:3)
  A juggernaut zombie (D:15)
  3 deep elf annihilators (Elf:3)
  2 deep elf demonologists (Elf:3)
  A dire elephant (Lair:5)
  Snorg (D:12)
  2 deep elf death magi (Elf:3)
  4 merfolk impalers
  3 merfolk javelineers
  4 deep elf high priests
  4 salamander tyrants
  Erica (Lair:2)
  A boulder beetle (D:12)
  6 hydras
  3 catoblepae (Lair:3)
  12 anacondas
  A two-headed ogre (D:12)
  3 centaur warriors
  17 death yaks
  3 alligators (Snake:4)
  6 naga warriors
  6 merfolk aquamancers
  3 tengu warriors (D:14)
  14 dancing weapons
  6 naga sharpshooters
  An orc high priest (Orc:2)
  7 shock serpents
  5 deep elf knights
  A spectral death yak (Lair:5)
  4 salamander mystics
  3 skeletal warriors
  4 sea snakes
  A goliath frog (Snake:4)
  A spectral anaconda (Lair:5)
  4 naga ritualists
  3 deep elf archers
  13 harpies
  An obsidian statue (Lair:5)
  A lindwurm (Lair:5)
  A bog body (D:12)
  6 manticores
  11 mana vipers
  5 orc knights (Orc:2)
  11 deep elf pyromancers
  2 oklob plants (Shoals:1)
  3 ugly things
  5 necromancers
  9 deep elf zephyrmancers
  5 orc sorcerers (Orc:2)
  5 cyclopes
  3 fauns
  16 salamanders
  16 elephants
  2 merfolk sirens
  35 black mambas
  A frost giant skeleton (D:15)
  8 water nymphs
  A dire elephant zombie (Lair:5)
  10 naga magi
  7 cane toads
  A gargoyle (D:13)
  7 guardian serpents
  2 hellions (Elf:1)
  8 rime drakes
  A yaktaur (D:14)
  2 efreet
  A kobold demonologist (D:13)
  2 unseen horrors (D:13)
  A tengu conjurer (D:15)
  2 ice devils (D:12)
  A freezing wraith (D:13)
  10 komodo dragons
  7 trolls
  10 merfolk
  7 wind drakes
  A polar bear (Lair:5)
  Prince Ribbit (Lair:2)
  17 blink frogs
  2 hornets
  A slime creature (D:14)
  6 snapping turtles
  A black mamba zombie (Snake:3)
  A snapping turtle (shapeshifter) (Elf:2)
  A shadow (D:9)
  7 wyverns
  5 air elementals
  10 water elementals
  2 wraiths
  A fire elemental (Orc:2)
  24 yaks
  7 basilisks
  2 death yak simulacra
  2 steam dragons
  8 wargs
  A spectral cane toad (Lair:5)
  23 nagas
  A glowing shapeshifter zombie (D:15)
  15 water moccasins
  A glowing shapeshifter skeleton (D:15)
  2 hell hounds
  3 black bears
  2 ice beasts
  A sky beast (D:7)
  24 orc warriors
  2 ogres
  13 wolves
  10 centaurs
  An elephant skeleton (Lair:5)
  2 kobold brigands
  A phantom (D:4)
  11 bullfrogs
  A necrophage (D:7)
  An earth elemental (Elf:1)
  2 gnoll sergeants
  4 scorpions
  4 cane toad simulacra
  15 wights
  An elephant simulacrum (Lair:5)
  4 killer bees (D:9)
  2 vampire bats (D:3)
  2 electric eels (D:9)
  11 orc priests
  2 hounds
  A jelly (D:6)
  An iguana (D:9)
  8 orc wizards
  3 hell rats (Lair:3)
  Ijyb (D:5)
  A mummy (D:8)
  Robin (D:4)
  4 adders
  12 gnolls
  2 shadow imps
  2 white imps
  An ufetubus (D:7)
  A worm (D:2)
  A dart slug (D:4)
  45 orcs
  12 ball pythons
  4 bats
  A bat skeleton (D:3)
  4 bat zombies (D:3)
  8 endoplasms
  4 giant cockroaches
  15 goblins
  15 hobgoblins
  A jackal (Sewer)
  17 kobolds
  6 quokkas
  A frilled lizard (D:1)
  8 rats
  A tentacle (Shoals:1)
836 creatures vanquished.

Vanquished Creatures (collateral kills)
  A tengu reaver (D:14)
  The ghost of Osmeohy the Fey Demonspawn, an adept DsGl of Yredelemnul (Shoals:3)
  A storm dragon (Shoals:4)
  A nagaraja (Snake:4)
  A deep elf sorcerer (Elf:1)
  Nessos (Orc:2)
  Azrael (Orc:2)
  4 merfolk impalers (Shoals:4)
  2 merfolk javelineers (Shoals:4)
  A deep elf death mage (Elf:3)
  2 hydras
  A catoblepas (Shoals:4)
  A merfolk avatar (Shoals:4)
  5 alligator snapping turtles
  2 centaur warriors
  A merfolk aquamancer (Shoals:4)
  9 dancing weapons (Elf:2)
  A two-headed ogre (D:14)
  5 anacondas
  2 death yaks
  A naga warrior (Snake:4)
  A boulder beetle (D:14)
  2 orc high priests (Orc:2)
  Urug (Lair:2)
  3 shock serpents
  5 deep elf knights
  2 naga sharpshooters (Snake:4)
  6 sea snakes
  A skeletal warrior (D:12)
  A flayed ghost (D:15)
  A salamander mystic (Snake:1)
  2 naga ritualists
  4 deep elf archers
  6 deep elf zephyrmancers
  7 harpies
  7 deep elf pyromancers
  A cyclops (shapeshifter) (D:14)
  An oklob plant (Lair:2)
  An orc sorcerer (Elf:1)
  2 ugly things (D:14)
  3 mana vipers
  3 fauns
  4 cyclopes
  5 salamanders
  3 guardian serpents
  3 manticores
  4 naga magi
  A merfolk siren (Shoals:3)
  4 water nymphs (Shoals:4)
  5 elephants
  9 black mambas
  Maurice (D:12)
  4 rime drakes
  A komodo dragon (Lair:2)
  A troll (D:12)
  10 merfolk
  6 wind drakes
  4 slime creatures (D:12)
  3 blink frogs (Lair:4)
  4 dream sheep (Shoals:3)
  5 snapping turtles
  A centaur simulacrum (D:11)
  2 air elementals (Shoals:4)
  12 water elementals
  9 yaks
  2 fire elementals (Orc:2)
  2 wyverns
  5 basilisks
  4 vampire mosquitoes (D:14)
  3 wargs
  8 nagas
  4 water moccasins
  3 hell hounds (Orc:2)
  5 orc warriors
  3 centaurs
  A wolf (Lair:4)
  A bullfrog (Lair:1)
  A kobold brigand (D:13)
  A gnoll sergeant (D:10)
  A two-headed ogre simulacrum (D:12)
  A wight (D:11)
  A howler monkey (D:9)
  9 orc priests
  2 hell rats (Lair:3)
  4 orc wizards
  A white imp (D:12)
  11 orcs
  A goblin (D:9)
  4 kobolds (D:13)
  3 rats (Sewer)
  A bush (Lair:5)
287 creatures vanquished.

Vanquished Creatures (others)
  A nagaraja (Snake:1)
  A salamander tyrant (Snake:4)
  A merfolk impaler (Shoals:4)
  A spectral salamander (Shoals:1)
  A dancing weapon (Elf:3)
  A sea snake (Shoals:4)
  2 anaconda zombies
  A harpy (Shoals:4)
  A sphinx zombie (D:14)
  A spectral naga (Snake:1)
  2 ugly thing zombies (D:14)
  A spectral two-headed ogre (D:14)
  A deep elf pyromancer (Elf:2)
  A cyclops zombie (Shoals:4)
  2 manticores (Shoals:4)
  A spectral orc (Snake:1)
  2 shock serpent zombies (Snake:4)
  A merfolk siren (Shoals:3)
  2 death yak zombies
  2 hydra zombies
  2 sea snake zombies
  2 mana viper zombies
  2 merfolk (Shoals:4)
  4 harpy zombies
  A guardian serpent zombie (Snake:4)
  A wind drake (Shoals:4)
  An alligator zombie (Snake:4)
  An air elemental (Shoals:4)
  16 black mamba zombies
  4 wind drake zombies
  A slime creature zombie (D:12)
  A water elemental (Shoals:4)
  A spectral ice devil (D:12)
  2 tengu zombies (D:14)
  4 merfolk zombies
  8 elf zombies
  A cane toad zombie (Lair:5)
  An orc warrior (Orc:2)
  A hornet zombie (D:11)
  A manticore zombie (Shoals:1)
  2 snapping turtle zombies
  4 elephant zombies
  5 blink frog zombies
  A centaur (D:14)
  2 rime drake zombies (Lair:3)
  A vampire mosquito zombie (D:14)
  6 salamander zombies
  A hell hound zombie (Orc:2)
  3 wyvern zombies
  4 water moccasin zombies
  3 warg zombies (D:11)
  4 yak zombies
  A troll zombie (D:12)
  6 wolf zombies
  2 bullfrog zombies
  4 centaur zombies
  A basilisk zombie (Lair:5)
  A black bear zombie (D:9)
  A scorpion zombie (D:5)
  A killer bee zombie (D:9)
  15 naga zombies
  A sky beast zombie (D:7)
  4 hell rat zombies (Lair:3)
  A steam dragon zombie (Lair:2)
  3 goblin zombies
  29 orc zombies
  A spectral white imp (D:12)
  5 gnoll zombies
  A jackal zombie (Sewer)
  A kobold zombie (D:13)
  2 rat zombies (Sewer)
  53 fungi
  164 plants
  45 tentacles
  33 withered plants
492 creatures vanquished.

Grand Total: 1615 creatures vanquished

Notes
Turn   | Place    | Note
-------+----------+-------------------------------------------
     0 | D:1      | Bnni the Formicid Fighter began the quest for the Orb.
     0 | D:1      | Reached XP level 1. HP: 18/18 MP: 1/1
   125 | D:1      | Reached XP level 2. HP: 24/24 MP: 2/2
   996 | D:2      | Reached XP level 3. HP: 25/29 MP: 3/3
  1147 | D:2      | Reached skill level 3 in Polearms
  1192 | D:2      | Reached XP level 4. HP: 37/37 MP: 4/4
  1495 | D:2      | Found Mag Wank's Weapon Boutique.
  1821 | D:3      | Found an ancient bone altar of Kikubaaqudgha.
  1842 | D:3      | Reached skill level 4 in Polearms
  1842 | D:3      | Reached skill level 5 in Shields
  1842 | D:3      | Reached XP level 5. HP: 42/42 MP: 5/5
  2565 | D:4      | Found Doecokk's Weapon Shop.
  2589 | D:4      | Reached XP level 6. HP: 47/49 MP: 6/6
  2601 | D:4      | Noticed Robin
  2631 | D:4      | Killed Robin
  2642 | D:4      | Bought a +0 glaive for 71 gold pieces
  3085 | D:4      | Reached skill level 5 in Polearms
  3247 | D:4      | Found a staircase to the Ecumenical Temple.
  3266 | Temple   | Entered the Ecumenical Temple
  3361 | Temple   | Became a worshipper of Yredelemnul the Dark
  3599 | D:4      | Found a sparkling altar of Nemelex Xobeh.
  3679 | D:4      | Reached skill level 5 in Fighting
  3679 | D:4      | Reached XP level 7. HP: 51/56 MP: 7/7
  3779 | D:5      | Entered Level 5 of the Dungeon
  3899 | D:5      | Identified the +3 dagger of Context {vorpal, rF+ rN+ SInv}
  3910 | D:5      | Noticed Ijyb
  3924 | D:5      | Killed Ijyb
  3924 | D:5      | Reached * piety under Yredelemnul
  4112 | D:5      | Your ally Ijyb died
  4117 | D:5      | Reached skill level 6 in Polearms
  4739 | D:6      | Reached XP level 8. HP: 64/64 MP: 8/8
  4743 | D:6      | Found a glowing drain.
  4762 | Sewer    | Entered a sewer
  4895 | Sewer    | Found a white marble altar of Elyvilon.
  5005 | D:6      | Reached skill level 7 in Polearms
  5272 | D:6      | Reached ** piety under Yredelemnul
  5865 | D:7      | Reached XP level 9. HP: 71/71 MP: 9/9
  5935 | D:7      | Reached skill level 8 in Polearms
  6027 | D:7      | Noticed a troll
  6044 | D:7      | Killed a troll
  6923 | D:7      | Found an iron altar of Okawaru.
  6932 | D:7      | Found a burning altar of Makhleb.
  6959 | D:8      | Found the amulet of Elemental Vulnerability {rPois rF--
                  | rC-- AC+8}
  7358 | D:8      | Reached skill level 9 in Polearms
  7406 | D:8      | Reached skill level 10 in Shields
  7408 | D:8      | You fall into a shaft and drop 2 floors!
  7408 | D:10     | Entered Level 10 of the Dungeon
  7432 | D:10     | Reached XP level 10. HP: 67/80 MP: 10/10
  7634 | D:9      | Found a staircase to the Lair.
  7648 | D:9      | Reached skill level 10 in Polearms
  7682 | D:9      | Found a flagged portal.
  7724 | D:9      | Reached skill level 11 in Polearms
  7965 | Bailey   | Entered a bailey
  8094 | Bailey   | Reached skill level 1 in Invocations
  8460 | Bailey   | Identified the +1 plate armour "Zoalihev" {+Inv Int+3}
  8552 | D:9      | Reached XP level 11. HP: 87/89 MP: 12/12
  9279 | D:8      | Found a bloodstained altar of Trog.
  9353 | D:8      | Found a snail-covered altar of Cheibriados.
  9636 | D:9      | Found an ornate altar of the Wu Jian Council.
  9704 | D:9      | Found a transporter.
  9940 | D:9      | Found a hazy altar of Hepliaklqana.
  9987 | D:9      | Found a blossoming altar of Fedhas.
 10067 | D:9      | Found a transporter.
 10196 | D:10     | Reached skill level 12 in Polearms
 10582 | D:10     | Reached *** piety under Yredelemnul
 10582 | D:10     | Reached **** piety under Yredelemnul
 10583 | D:10     | Reached skill level 10 in Fighting
 11129 | D:11     | Found a staircase to the Orcish Mines.
 11997 | D:12     | Noticed Snorg
 12024 | D:12     | Killed Snorg
 12025 | D:12     | Reached skill level 5 in Invocations
 12231 | D:12     | Noticed a deep elf pyromancer
 12248 | D:12     | Killed a deep elf pyromancer
 12299 | D:12     | Reached skill level 13 in Polearms
 12310 | D:12     | Noticed a bog body
 12320 | D:12     | Killed a bog body
 12320 | D:12     | Noticed a death yak
 12321 | D:12     | Reached XP level 12. HP: 73/99 MP: 16/16
 12334 | D:12     | Killed a death yak
 12364 | D:12     | Got the Omnibus of the Vapourous Grave
 12438 | D:12     | Noticed a skeletal warrior
 12456 | D:12     | Killed a skeletal warrior
 12485 | D:12     | Noticed a two-headed ogre
 12492 | D:12     | Killed a two-headed ogre
 12506 | D:12     | Noticed a boulder beetle
 12521 | D:12     | Killed a boulder beetle
 12522 | D:12     | Reached skill level 14 in Polearms
 12603 | D:12     | Reached ***** piety under Yredelemnul
 12609 | D:12     | Reached ****** piety under Yredelemnul
 12639 | D:12     | Noticed Maurice
 12658 | D:12     | Killed Maurice
 13002 | D:12     | Noticed a two-headed ogre
 13009 | D:12     | Killed a two-headed ogre
 13009 | D:12     | Enslaved a two-headed ogre
 13525 | D:13     | Identified the ring "Nan Ziuwk" {rElec rPois Will++ Str+6}
 13544 | D:13     | Noticed a centaur warrior
 13557 | D:13     | Killed a centaur warrior
 13885 | D:13     | Found a stormy altar of Qazlal.
 13907 | D:13     | Reached XP level 13. HP: 107/107 MP: 19/19
 14429 | D:13     | Reached skill level 15 in Polearms
 14508 | D:14     | Noticed a seven-headed hydra
 14519 | D:14     | Killed a seven-headed hydra
 15089 | D:14     | Noticed a tengu reaver
 15089 | D:14     | Noticed Louise
 15090 | D:14     | Noticed a seven-headed hydra
 15091 | D:14     | Noticed a centaur warrior
 15170 | D:14     | Killed Louise
 15175 | D:14     | Noticed a tengu reaver
 15182 | D:14     | Killed a tengu reaver
 15194 | D:14     | Identified the ring "Nim Juph" {rN+ MP+9 Int+4 Dex-3}
 15305 | D:14     | Killed a centaur warrior
 15484 | D:14     | Killed a seven-headed hydra
 15489 | D:14     | Reached skill level 10 in Invocations
 15495 | D:14     | Reached skill level 16 in Polearms
 15496 | D:14     | Noticed a sphinx
 15503 | D:14     | Killed a sphinx
 15655 | D:14     | Noticed a centaur warrior
 15668 | D:14     | Killed a centaur warrior
 15669 | D:14     | Reached XP level 14. HP: 41/118 MP: 21/21
 15669 | D:14     | Killed a tengu reaver
 15953 | D:14     | Found a gate to the Vaults.
 16132 | D:15     | Entered Level 15 of the Dungeon
 16335 | D:15     | Found a staircase to the Depths.
 17109 | Lair:1   | Entered Level 1 of the Lair of Beasts
 17725 | Lair:1   | Reached skill level 17 in Polearms
 18077 | Lair:2   | Noticed Erica
 18082 | Lair:2   | Killed Erica
 18128 | Lair:2   | Noticed Prince Ribbit
 18131 | Lair:2   | Killed Prince Ribbit
 18189 | Lair:2   | Noticed Urug
 18201 | Lair:2   | Killed Urug
 18279 | Lair:2   | Found a staircase to the Snake Pit.
 18372 | Lair:2   | Found a staircase to the Shoals.
 18986 | Lair:3   | You fall into a shaft and drop 1 floor!
 19092 | Lair:3   | Reached XP level 15. HP: 126/126 MP: 22/22
 19143 | Lair:3   | Identified the +11 flail "Meelyang" {protect, *Noise rN+++
                  | Int+5 Dex-5}
 19254 | Lair:3   | Identified the +9 mace of Descent {vorpal, *Noise rF+++
                  | Str-2 Int+2}
 19369 | Lair:3   | Reached skill level 15 in Shields
 19371 | Lair:3   | Reached skill level 18 in Polearms
 20469 | Lair:5   | Entered Level 5 of the Lair of Beasts
 20529 | Lair:5   | Reached skill level 15 in Fighting
 20618 | Lair:5   | Reached XP level 16. HP: 136/136 MP: 24/24
 20711 | Lair:5   | Reached skill level 19 in Polearms
 20782 | Lair:5   | Identified the +2 falchion "Cabb" {freeze, *Rage rElec rC+
                  | Int+3}
 21308 | Lair:5   | Found a staircase to the Slime Pits.
 21309 | Lair:5   | Found a viscous altar of Jiyva.
 21814 | Orc:1    | Entered Level 1 of the Orcish Mines
 22000 | Orc:1    | Found Ented's Book Shoppe.
 22354 | Orc:2    | Entered Level 2 of the Orcish Mines
 22459 | Orc:2    | Noticed Azrael
 22466 | Orc:2    | Killed Azrael
 22645 | Orc:2    | Noticed Nessos
 22653 | Orc:2    | Killed Nessos
 23048 | Orc:2    | Found a staircase to the Elven Halls.
 23066 | Orc:2    | Found Henurph's Book Boutique.
 23122 | Orc:2    | Found Dialam's Distillery.
 23124 | Orc:2    | Found Xiugh's Distillery.
 23124 | Orc:2    | Found Mofekk's General Store.
 23512 | Shoals:1 | Entered Level 1 of the Shoals
 23728 | Orc:2    | Bought a potion of mutation for 112 gold pieces
 23728 | Orc:2    | Bought a potion of curing for 42 gold pieces
 23728 | Orc:2    | Bought a potion of heal wounds for 70 gold pieces
 23728 | Orc:2    | Bought a potion of heal wounds for 70 gold pieces
 23728 | Orc:2    | Bought a potion of curing for 42 gold pieces
 23730 | Orc:2    | Bought a potion of mutation for 120 gold pieces
 23730 | Orc:2    | Bought 2 potions of might for 120 gold pieces
 23730 | Orc:2    | Bought a potion of heal wounds for 75 gold pieces
 23730 | Orc:2    | Bought a potion of curing for 45 gold pieces
 23730 | Orc:2    | Bought a potion of curing for 45 gold pieces
 23953 | Snake:1  | Entered Level 1 of the Snake Pit
 23953 | Snake:1  | Found Buigahu's Jewellery Boutique.
 24097 | Snake:1  | Reached skill level 20 in Polearms
 24132 | Snake:1  | Found Sujud's Jewellery Emporium.
 24148 | Snake:1  | Found Dabeu's General Store.
 24239 | Snake:1  | Found Mosumix's Armour Shop.
 24415 | Snake:1  | Found Rafiuc's Book Shoppe.
 24417 | Snake:1  | Found Fomemae's Jewellery Boutique.
 24418 | Snake:1  | Found Xekkuoc's Book Shoppe.
 24474 | Snake:1  | Reached XP level 17. HP: 123/144 MP: 26/26
 25312 | Snake:2  | Noticed Aizul
 25323 | Snake:2  | Killed Aizul
 26160 | Snake:2  | Identified a scroll of acquirement
 26166 | Snake:2  | Acquired a +1 crystal plate armour
 26578 | Snake:2  | Reached skill level 21 in Polearms
 27585 | Snake:3  | Reached XP level 18. HP: 143/153 MP: 28/28
 27634 | Snake:3  | Found a burning altar of Makhleb.
 27921 | Snake:4  | Entered Level 4 of the Snake Pit
 28065 | Snake:4  | Reached skill level 5 in Armour
 28507 | Snake:4  | Found Nasanet's Book Emporium.
 28510 | Snake:4  | Found Orucwihi's Antique Armour Emporium.
 28510 | Snake:4  | Found Mapicvuz's Distillery.
 28513 | Snake:4  | Found Ogiroh's Jewellery Shoppe.
 28721 | Snake:4  | Noticed Vashnia
 28751 | Snake:4  | Killed Vashnia
 28752 | Snake:4  | Reached skill level 22 in Polearms
 28755 | Snake:4  | Reached skill level 15 in Invocations
 29248 | Snake:4  | Got a serpentine rune of Zot
 29579 | Snake:4  | Bought a potion of curing for 63 gold pieces
 29579 | Snake:4  | Bought a potion of curing for 63 gold pieces
 29579 | Snake:4  | Bought a potion of curing for 63 gold pieces
 29579 | Snake:4  | Bought a potion of curing for 63 gold pieces
 29579 | Snake:4  | Bought a potion of curing for 63 gold pieces
 29867 | Shoals:1 | Reached XP level 19. HP: 150/162 MP: 30/30
 31108 | Shoals:3 | Noticed Mara
 31114 | Shoals:3 | Noticed Bnni's illusion
 31118 | Shoals:3 | Killed Mara
 31118 | Shoals:3 | Enslaved Mara
 31134 | Shoals:3 | Found a runed translucent gate.
 31135 | Shoals:3 | Found a runed translucent gate.
 31138 | Shoals:3 | Found a runed translucent gate.
 31138 | Shoals:3 | Noticed Osmeohy's ghost (adept DsGl)
 31149 | Shoals:3 | Killed Osmeohy's ghost
 31706 | Shoals:4 | Entered Level 4 of the Shoals
 31866 | Shoals:4 | Noticed Polyphemus
 31876 | Shoals:4 | Killed Polyphemus
 31988 | Shoals:4 | Identified the +4 falchion "Rulaivveomy" {vorpal, Drain
                  | MP+9 Str-4 Stlth+}
 32012 | Shoals:4 | Identified the +0 shadow dragon scales of Lamamerigu {rElec
                  | rF++ rN+ Stlth++++}
 32038 | Shoals:4 | Your ally Polyphemus died
 32043 | Shoals:4 | Reached skill level 23 in Polearms
 32097 | Shoals:4 | Found the +0 staff of Battle
 32105 | Shoals:4 | Got a barnacled rune of Zot
 32295 | Shoals:4 | Reached XP level 20. HP: 169/172 MP: 32/32
 32892 | Elf:1    | Entered Level 1 of the Elven Halls
 33091 | Elf:1    | Found Jygan's Distillery.
 33383 | Elf:1    | Found Qutekije's Jewellery Shoppe.
 33524 | Elf:1    | Found Noosch's Jewellery Shoppe.
 33645 | Elf:1    | Found Fitsolo's Magic Scroll Shoppe.
 33655 | Elf:1    | Bought a scroll of enchant armour for 135 gold pieces
 34036 | Elf:1    | Identified the +8 arbalest of Oczegaf {flame, SInv}
 34214 | Elf:1    | Found a portal to a secret trove of treasure.
 34316 | Elf:1    | Found Wyttowe's General Store.
 34546 | Elf:2    | Acquired the ring "Colimit" {Contam rC+++ rN+ rCorr Dex-3}
 34579 | Elf:2    | Reached skill level 10 in Armour
 34649 | Elf:2    | Found Ganulun's Mass Market.
 34883 | Elf:2    | Found a huge runed translucent gate.
 34883 | Elf:2    | Found a huge runed translucent gate.
 34884 | Elf:2    | Found a huge runed translucent gate.
 34885 | Elf:2    | Found a huge runed translucent gate.
 34887 | Elf:2    | Found a huge runed translucent gate.
 35458 | Elf:3    | Entered Level 3 of the Elven Halls
 35707 | Elf:3    | Reached XP level 21. HP: 68/179 MP: 33/33
 35712 | Elf:3    | Noticed a Brimstone Fiend
 35712 | Elf:3    | Killed from afar by a deep elf death mage

Illustrated notes

Levels and vault maps discovered:
D:1:      lemuel_arrival_funnel, layout_basic
D:2:      layout_rooms, serial_shops, nicolae_shop_bloodbath_and_beyond
D:3:      layout_loops_corners, kennysheep_vampire_church, grunt_ministairs_2,
          chequers_jeans, columned_hall_lemuel, serial_park_tiny_2,
          kennysheep_generic_room_15
D:4:      layout_basic, nemelex_xobeh_ov_fountains_minmay,
          minmay_temple_entry_mini_moons, serial_shops, nicolae_diamond_shop,
          minmay_misc_feat_room, uniq_robin
D:5:      layout_rooms, corexii_leaking_fountain, lightli_minifort, uniq_ijyb
D:6:      layout_basic, gup_sewer_entry_pipe
D:7:      layout_loops_ring, amethyst_overflow_temple_binary
D:8:      layout_cave_pods, lightli_temple_of_fire, chei_slow_surprise
D:9:      layout_basic, mainiacjoe_overflow_concentric_impassable,
          nicolae_wu_jian_wuxing_cycle, kennysheep_mini,
          minmay_lair_entry_grove, enter_bailey_5, nicolae_diode_stairs
D:10:     layout_gridville
D:11:     layout_long_grid, minmay_orc_entry_guard_dogs
D:12:     dreamdust_isle_of_ice, layout_cave_pods,
          portal_ice_cave_entry_pillars_1, serial_park, serial_park_paths
          [serial_park_minivault_5x5_4], serial_park_avenue1,
          serial_park_square1 [serial_park_minivault_5x5_3], uniq_maurice,
          uniq_snorg
D:13:     layout_loops_ring, nicolae_qazlal_general_emergency
D:14:     minmay_chopped_fan, layout_rooms, david_vaults_1, uniq_louise
D:15:     gammafunk_depths_entry_grave, layout_stronghold,
          minmay_misc_feat_hallway
Temple:   nicolae_temple_bog_church
Lair:1:   layout_hall_layers, st_stairs_13, lemuel_old_faithful,
          grunt_megastairs_2
Lair:2:   layout_regular_city, elwin_shoals_entry_rooms, dummy_snake_entry,
          minivault_25, beast_lair_carwin_7, uniq_prince_ribbit2, uniq_erica,
          uniq_urug
Lair:3:   nzn_motion_control, layout_gridlike, special_room
          [special_room_mythical_zoo], chequers_serial_rivers_room_a,
          nicolae_lair_grazing_beasts [nicolae_sub_lair_graze_edge,
          nicolae_sub_lair_graze_edge, nicolae_sub_lair_graze_edge,
          nicolae_sub_lair_graze_edge]
Lair:4:   layout_misc_corridors
Lair:5:   due_jungle_book, layout_loops_ring, slime_entry_1,
          chequers_serial_rivers_small_3
Shoals:1: nicolae_shoals_island_circles, layout_shoals,
          nicolae_shoals_this_corrosion
Shoals:2: layout_shoals
Shoals:3: layout_shoals, ebering_ghost_rock_garden, uniq_mara
Shoals:4: shoals_end_hellmonk_storm_palace [storm_palace_center_square,
          storm_palace_corner_grid, storm_palace_corner_narrow,
          storm_palace_corner_reverse_hut, storm_palace_corner_narrow],
          uniq_polyphemus
Snake:1:  layout_layer_cave, serial_shops, nicolae_shop_advertising_works
          [nicolae_subvault_shop_adworks], nicolae_shop_behind_doors,
          nicolae_shop_waterfront, shop, nicolae_snake_scaly_snakehead,
          minmay_shop_grove
Snake:2:  layout_basic, drop_trap, nicolae_snake_double_loop,
          grunt_ministairs_13, nrook_guardian_serpent_ordinary, uniq_aizul
Snake:3:  layout_cave_town, basic_altar, st_stairs_3, grunt_megastairs_4
Snake:4:  johnstein_snake_rune_scales, layout_cave_town,
          nicolae_snake_herptile_family_reunion, grunt_megastairs_3,
          minmay_shoptagon
Orc:1:    layout_diamond_mine, serial_shops, shop
Orc:2:    st_orc_elflike, layout_caves, statue_in_the_mist_lemuel,
          nicolae_orc_lava_tube, uniq_azrael, uniq_nessos
Elf:1:    eino_elf_arrival_customs, layout_loops_corners,
          nicolae_trove_entry_crossroad, serial_shops, nicolae_shop_trees,
          nicolae_shop_statue_plus, nicolae_shop_competitors_out_of_business,
          nicolae_shop_hallway_plus, nicolae_square_shop, dk_noncrumbling_3,
          hellmonk_guarded_unrand_damnation, lemuel_upstairs_altar
Elf:2:    elven_hall_of_blades_hangedman_alternative
          [nicolae_blade_entry_crossed_weapons], layout_loops_cross,
          roderic_roman_lattice, minmay_shop_mass
Elf:3:    grunt_elf_hall_branching, layout_geoelf_diagonals, uniq_bai_suzhen

Skill      XL: |  1  2  3  4  5  6  7  8  9 10 11 12 13 14 15 16 17 18 19 20 |
---------------+-------------------------------------------------------------+-----
Polearms       | 3 4 5 6 7 9 11 13 14 16 17 18 20 21 22 23 | 23.9
Fighting       | 4 5 6 7 9 10 11 13 14 15 16 17 18 19 | 19.1
Shields        | 5 7 10 11 14 15 | 15.0
Invocations    | 2 6 8 10 12 14 15 16 17 | 17.2
Armour         | 4 7 9 10 | 10.8

Action                   |  1- 3 |  4- 6 |  7- 9 | 10-12 | 13-15 | 16-18 | 19-21 || total
-------------------------+-------+-------+-------+-------+-------+-------+-------++-------
Melee: Trident           |    96 |   174 |    54 |       |       |       |       ||   324
       Glaive            |       |    42 |    39 |       |       |       |       ||    81
       Halberd           |       |       |   161 |   480 |    95 |       |       ||   736
       Unarmed           |       |       |       |     4 |       |       |       ||     4
       Demon trident     |       |       |       |       |   167 |       |       ||   167
       Bardiche          |       |       |       |       |   249 |   601 |   369 ||  1219
Throw: Throwing net      |       |       |     2 |     2 |       |       |       ||     4
       Dart              |       |       |       |     4 |     4 |       |       ||     8
Invok: Recall Undead Har |       |       |       |     1 |     2 |    11 |    19 ||    33
       Bind Soul         |       |       |       |     1 |     1 |     2 |     2 ||     6
       Drain Life        |       |       |       |     1 |       |     2 |     6 ||     9
       Dark Bargain      |       |       |       |       |     5 |    11 |     7 ||    23
 Abil: Dig               |       |       |       |     1 |       |       |     1 ||     2
Evoke: Box of beasts     |       |       |       |     1 |       |       |       ||     1
       Wand              |       |       |       |       |     3 |       |       ||     3
  Use: Potion            |     3 |       |       |     3 |     2 |     5 |     3 ||    16
       Scroll            |       |       |     7 |     4 |    21 |    10 |     5 ||    47
 Stab: Distracted        |       |       |     2 |    11 |    11 |    15 |    10 ||    49
       Held in net/web   |       |       |     1 |     1 |       |       |       ||     2
       Invisible         |       |       |       |       |     2 |       |       ||     2
       Petrified         |       |       |       |       |     2 |       |       ||     2
Armor: Scale mail        |    45 |   101 |     1 |       |       |       |       ||   147
       Chain mail        |       |       |    69 |    60 |       |       |       ||   129
       Plate armour      |       |       |       |    90 |   106 |    63 |       ||   259
       Skin              |       |       |       |    15 |       |       |       ||    15
       Crystal plate arm |       |       |       |       |       |   105 |   146 ||   251
Dodge: Dodged            |    42 |    92 |    39 |    87 |    48 |    40 |    18 ||   366
Block: Buckler           |    27 |    70 |     7 |       |       |       |       ||   104
       Kite shield       |       |       |   119 |   271 |    72 |       |       ||   462
       Tower shield      |       |       |       |       |   240 |   506 |   308 ||  1054
       Reflection        |       |       |       |       |    35 |    40 |    44 ||   119

Table legend: (Time is in decaauts)
 A = Elapsed time spent in this place.
 B = Non-inter-level travel time spent in this place.
 C = Inter-level travel time spent in this place.
 D = Time resting spent in this place.
 E = Time spent auto-exploring this place.
 F = Levels seen in this place.
 G = Mean time per level.
                   A        B        C        D        E       F      G
               +--------+--------+--------+--------+--------+-----+--------+
         Total |  36374 |  32911 |   3463 |   2663 |  22239 |  36 | 1010.4 |
       Dungeon |  16955 |  15446 |   1509 |   1557 |  10899 |  15 | 1130.3 |
        Temple |    124 |    103 |     21 |      0 |     83 |   1 |  124.0 |
          Lair |   4979 |   4188 |    791 |    106 |   3048 |   5 |  995.8 |
        Shoals |   3429 |   3001 |    428 |     48 |   1154 |   4 |  857.2 |
     Snake Pit |   5587 |   5239 |    348 |    500 |   3790 |   4 | 1396.8 |
  Orcish Mines |   1728 |   1473 |    255 |      0 |   1207 |   2 |  864.0 |
   Elven Halls |   2793 |   2684 |    109 |    249 |   1915 |   3 |  931.0 |
         Sewer |    209 |    209 |      0 |      0 |    142 |   1 |  209.0 |
        Bailey |    565 |    565 |      0 |    203 |      0 |   1 |  565.0 |
               +--------+--------+--------+--------+--------+-----+--------+

Top non-repeatable levels by time:
 Snake:4: 1698 daAuts
 Snake:2: 1645 daAuts
    D:12: 1561 daAuts
    D:10: 1527 daAuts
   Elf:1: 1490 daAuts
     D:8: 1437 daAuts
    D:14: 1386 daAuts
 Snake:1: 1256 daAuts
  Lair:2: 1187 daAuts
     D:9: 1182 daAuts
  Lair:5: 1179 daAuts
    D:13: 1134 daAuts
     D:4: 1121 daAuts
    D:11: 1104 daAuts
     D:7: 1104 daAuts
